 Dungeon Crawl Stone Soup version 0.23.2-1-ga50397a (webtiles) character file.

Game seed: 7234607595120271280

54639 MalarOregon the Brawler (level 14, -2/136 HPs)
             Began as a Ghoul Gladiator on May 29, 2019.
             Was a High Priest of Nemelex Xobeh.
             Shot with a bolt by an orc knight (19 damage)
             ... on level 2 of the Orcish Mines.
             The game lasted 00:46:43 (20439 turns).

MalarOregon the Brawler (Ghoul Gladiator)          Turns: 20439, Time: 00:46:44

Health: -2/136     AC: 20    Str: 23    XL:     14   Next: 73%
Magic:  0/17       EV:  8    Int:  3    God:    Nemelex Xobeh [*****.]
Gold:   1495       SH:  0    Dex: 10    Spells: 13/13 levels left

rFire    + . .     SeeInvis .     - Unarmed
rCold    + . .     Gourm    .   (no shield)
rNeg     + + +     Faith    .   j - +0 plate armour
rPois    ∞         Spirit   +   y - +2 helmet
rElec    .         Reflect  .   Y - scarf {cloud immunity}
rCorr    +         Harm     .   l - +1 pair of gloves
MR       +....                  R - +0 pair of boots
Stlth    ..........             k - amulet of guardian spirit
HPRegen  0.00/turn              i - ring of protection from fire
MPRegen  0.15/turn              C - ring of resist corrosion

@: rotting
A: rotting body, claws 1, carnivore, cold resistance 1, negative energy
resistance 3, inhibited regeneration, torment resistance, unbreathing
a: Draw Escape, Draw Destruction, Draw Summoning, Triple Draw, Deal Four, Stack
Five, Renounce Religion


You were on level 2 of the Orcish Mines.
You worshipped Nemelex Xobeh.
Nemelex Xobeh was extremely pleased with you.
You were not hungry.

You visited 4 branches of the dungeon, and saw 19 of its levels.
You also visited: Ossuary.

You collected 1627 gold pieces.
You spent 132 gold pieces at shops.

Inventory:

Hand Weapons
 a - a +2 blowgun
   (You took it off a kobold on level 3 of the Dungeon)
Missiles
 b - 3 tomahawks of returning
 c - 11 curare-tipped needles {!f}
 m - 7 javelins
 o - 113 bolts
 z - 3 needles of sleeping
 A - 31 poisoned needles
 D - 16 tomahawks (quivered)
 M - 3 throwing nets {!f}
 W - 6 poisoned tomahawks
Armour
 j - a +0 plate armour (worn)
   (You took it off an orc warrior on level 6 of the Dungeon)
 l - a +1 pair of gloves (worn)
   (You found it on level 7 of the Dungeon)
 y - a +2 helmet (worn)
 O - quicksilver dragon scales
   (You found it on level 2 of the Lair of Beasts)
 R - a +0 pair of boots (worn)
   (You found it on level 2 of the Lair of Beasts)
 S - a +2 hat of magic resistance
   (You took it off Gastronok on level 3 of the Lair of Beasts)
 Y - a scarf of cloud immunity (worn)
   (You acquired it on level 6 of the Lair of Beasts)
Jewellery
 i - a ring of protection from fire (left hand)
   (You found it on level 10 of the Dungeon)
 k - an amulet of guardian spirit (around neck)
   (You found it on level 1 of the Dungeon)
 C - a ring of resist corrosion (right hand)
   (You found it on level 4 of the Dungeon)
 E - an uncursed ring of flight
   (You found it on level 1 of the Lair of Beasts)
Wands
 t - a wand of flame (62)
   (You found it on level 6 of the Dungeon)
 v - a wand of digging (19)
   (You found it on level 3 of the Dungeon)
 x - a wand of acid (14)
   (You found it on level 7 of the Dungeon)
 U - a wand of enslavement (15)
   (You found it on level 3 of the Lair of Beasts)
Scrolls
 f - 13 scrolls of remove curse {@r2}
 g - a scroll of fog
 h - 2 scrolls of blinking
 q - a scroll of torment
 r - 4 scrolls of teleportation {@r4}
 u - 2 scrolls of noise {!r}
 H - a scroll of enchant weapon
 J - 6 scrolls of identify {@r1}
 K - 2 scrolls of fear
 X - a scroll of enchant armour
Potions
 d - 2 potions of might
 n - 4 potions of heal wounds {@q2}
 p - 2 potions of flight
 w - 3 potions of haste {@q3}
 B - 6 potions of brilliance
 F - 3 potions of cancellation
 G - 2 potions of ambrosia
 I - a potion of resistance
 Q - a potion of agility
 T - a potion of magic
 V - 2 potions of invisibility
Miscellaneous
 s - a box of beasts
 L - a sack of spiders
 P - a lamp of fire
   (You found it on level 3 of the Lair of Beasts)
Comestibles
 e - 37 rations {!d}
 N - 6 chunks of flesh


   Skills:
 - Level 15.7 Fighting
 - Level 1.7 Throwing
 - Level 7.4 Armour
 - Level 2.6 Dodging
 + Level 18.5 Unarmed Combat
 + Level 6.5 Invocations


You had 13 spell levels left.
You didn't know any spells.
Your spell library contained the following spells:

 Spells                   Type           Power        Failure   Level  Hunger
 Confusing Touch          Hex            #.....       100%        1    ##.....
 Infusion                 Chrm           #...         100%        1    ##.....
 Summon Small Mammal      Summ           #...         100%        1    ##.....
 Call Imp                 Summ           #.......     100%        2    ###....
 Shroud of Golubria       Chrm/Tloc      #.........   100%        2    ###....
 Slow                     Hex            #.......     100%        2    ###....
 Song of Slaying          Chrm           #.......     100%        2    ###....
 Call Canine Familiar     Summ           #.......     100%        3    ####...
 Confuse                  Hex            #.......     100%        3    ####...
 Dazzling Spray           Conj/Hex       #.....       100%        3    ####...
 Gell's Gravitas          Tloc           #.........   100%        3    ####...
 Regeneration             Chrm/Necr      #.........   100%        3    ####...
 Spectral Weapon          Hex/Chrm       #.......     100%        3    ####...
 Summon Guardian Golem    Hex/Summ       #.......     100%        3    ####...
 Fulminant Prism          Conj/Hex       #.........   100%        4    #####..
 Petrify                  Tmut/Erth      #.......     100%        4    #####..
 Summon Ice Beast         Ice/Summ       #.......     100%        4    #####..
 Summon Lightning Spire   Summ/Air       #.......     100%        4    #####..
 Metabolic Englaciation   Hex/Ice        #.........   100%        5    ######.
 Yara's Violent Unravell  Hex/Tmut       #.........   100%        5    ######.
 Deflect Missiles         Chrm/Air       #.........   100%        6    #######


Dungeon Overview and Level Annotations

Branches:
Dungeon (10/15)            Temple (1/1) D:6            Lair (6/6) D:10
  Swamp (0/4) Lair:4       Spider (0/4) Lair:3        Slime (0/5) Lair:6
    Orc (2/2) D:9             Elf (0/3) Orc:2

Altars:
Ashenzari
Cheibriados
Dithmenos
Elyvilon
Fedhas
Gozag
Hepliaklqana
Kikubaaqudgha
Makhleb
Nemelex Xobeh
Okawaru
Qazlal
Ru
Sif Muna
Trog
Uskayaw
Vehumet
Wu Jian
Xom
Yredelemnul
Zin
The Shining One
Jiyva
Lugonu

Shops:
D:9 ?

Annotations:
Lair:5 exclusion: oklob plant


Innate Abilities, Weirdness & Mutations

Your body is rotting away.
You thrive on raw meat.
You are immune to poison.
You have sharp fingernails.
You are carnivorous and can eat meat at any time.
Your flesh is cold resistant. (rC+)
You are immune to negative energy. (rN+++)
You do not regenerate when monsters are visible.
You are immune to unholy pain and torment.
You can survive without breathing.


Message History

The orc shoots a bolt.
The bolt barely misses you.
You completely miss the orc warrior. Your punch misses the orc warrior.
The orc warrior hits you but does no damage.
You barely miss the orc warrior.
The orc shoots a bolt.
The bolt hits you but does no damage. The orc warrior closely misses you.
The orc shoots a bolt.
The bolt barely misses you.
You hit the orc warrior.
You draw a card...
You have drawn Wild Magic.
The orc warrior is caught in an explosion of flying shrapnel!
The explosion engulfs the orc warrior.
The explosion engulfs you but does no damage.
The explosion engulfs the orc knight!!
Freezing gases pour from the orc knight's hands!
The orc is blasted with searing flames!
The searing flames burn away its fire resistance!
The orc dies!
The orc is encased in ice!
The orc dies!
You feel a surge of magic.
You feel your power returning.
You hear a shout! x3
The orc warrior completely misses you.
The orc knight unwields a +0 great mace.
The orc knight wields a +0 arbalest.
The orc knight shoots a bolt.
The bolt hits you!!
* * * LOW HITPOINT WARNING * * *
You draw a card...
You have drawn Pain.
Aim: an orc warrior, wielding a +0 trident and wearing a +0 chain mail (heavily wounded, unusually strong)
The bolt of negative energy hits the orc warrior!!
The orc warrior is drained!
You kill the orc warrior!
Unknown command.
You draw a card...
You have drawn the Orb.
Aim: an orc knight, wielding a +0 arbalest (moderately wounded)
The orc knight shoots a bolt.
The bolt hits you!!
* * * LOW HITPOINT WARNING * * *
The orc knight shoots a bolt.
The bolt hits you!!
* * * LOW HITPOINT WARNING * * *
You see here a bolt.
You draw a card...
You have drawn the Shaft.
Nothing appears to happen.
Your orb of destruction hits a stone wall.
An orc warrior comes into view. It is wielding a +4 halberd.
You draw a card...
You have drawn the Pentagram.
The orc knight shoots a bolt.
The bolt hits you!
* * * LOW HITPOINT WARNING * * *
You draw a card...
You have drawn Velocity.
The orc knight seems to slow down.
The orc warrior seems to slow down.
The orc knight shoots a bolt.
The bolt hits you!!
You die...
Your body glows slightly and disappears.

#≈≈≈≈.......... ..≈≈≈
#≈≈≈..........# .o.≈≈
#≈≈*○.....oo.# ..
##...###...##☼.##(.##...
.........°...○..o......#
.)............○.......##
.....(.4....#...o######
.....(...)o.#°..(.#
...).....@(.h.°..(.#####
.).....#(..°..#....#.#.##
...)...).......(........##
...)..(.°.....)*(........#
......)).....(.○...#.##.##
#.....°○..((○...#######
##.....○...○○.###
#.......°○○.###
##...#......##


You could see an orc knight, an ice devil, an orc warrior and a friendly hell
hound.

Vanquished Creatures
  Josephine (Orc:1)
  A fire dragon (Lair:6)
  4 hydras
  Erica (Lair:2)
  A catoblepas (Lair:6)
  A centaur warrior (D:10)
  A two-headed ogre (Orc:2)
  13 death yaks
  Urug (Orc:2)
  An orc high priest (Orc:2)
  Sonja (Lair:2)
  Nergalle (D:10)
  A lindwurm (Lair:6)
  An orc knight (Orc:2)
  3 orc sorcerers
  An oklob plant (Lair:2)
  A deep elf mage (D:10)
  An elephant (D:10)
  3 molten gargoyles (Lair:6)
  6 black mambas
  13 spiny frogs
  A torpor snail (Lair:6)
  8 komodo dragons
  4 rime drakes
  A troll (D:10)
  A slime creature (D:10)
  11 blink frogs
  4 dream sheep (Lair:6)
  7 hippogriffs
  A spriggan (D:7)
  3 wraiths (Orc:2)
  A vampire (D:10)
  33 yaks
  6 wyverns
  4 basilisks
  3 wargs (Orc:2)
  Menkaure (D:7)
  2 steam dragons (Lair:6)
  Duvessa (D:7)
  8 water moccasins
  5 porcupines
  15 orc warriors
  4 hell hounds (Lair:6)
  A hornet zombie (D:10)
  A swamp drake (Lair:4)
  6 ice beasts
  2 sky beasts (D:10)
  9 ogres
  A boggart (D:6)
  6 wolves (Lair:2)
  2 eyes of draining
  8 centaurs
  12 crocodiles
  15 bullfrogs
  A big kobold (D:10)
  Dowan (D:7)
  3 scorpions
  3 howler monkeys
  A centaur zombie (D:10)
  8 crimson imps
  5 lava snakes (Lair:6)
  3 bullfrog skeletons
  A bullfrog zombie (D:10)
  5 hounds
  2 jellies
  17 orc wizards
  10 orc priests
  A water moccasin simulacrum (D:10)
  An iguana (Lair:4)
  6 worker ants
  A big kobold zombie (Ossuary)
  4 mummies (Ossuary)
  A howler monkey zombie (D:7)
  2 worker ant zombies
  12 adders
  4 gnolls (D:9)
  2 shadow imps
  A white imp (D:6)
  An adder zombie (D:7)
  5 adder skeletons
  3 worms
  3 dart slugs
  6 leopard geckos
  55 orcs
  10 bats
  2 gnoll zombies (Ossuary)
  3 goblins
  7 hobgoblins
  8 jackals
  5 quokkas
  A frilled lizard (D:1)
  2 goblin zombies (Ossuary)
  A hobgoblin zombie (Ossuary)
  A jackal skeleton (D:6)
  7 kobolds
  A kobold zombie (Ossuary)
  An orc zombie (Ossuary)
  8 rats
  A plant (Lair:2)
470 creatures vanquished.

Vanquished Creatures (collateral kills)
  Gastronok (Lair:3)
  An orc knight (Orc:2)
  The ghost of Exporg the Shield-Bearer, an amateur GrFi (D:3)
  6 orc warriors (Orc:2)
  An ogre (D:7)
  A howler monkey (D:6)
  An adder (D:3)
  A shadow imp (D:7)
  5 orcs
18 creatures vanquished.

Vanquished Creatures (others)
  Joseph (D:7)
  3 orc warriors
  A centaur (Orc:2)
  An orc wizard (D:7)
  5 orcs
  A bush (Lair:6)
  5 fungi
  3 plants
20 creatures vanquished.

Grand Total: 508 creatures vanquished

Notes
Turn   | Place    | Note
-------+----------+-------------------------------------------
     0 | D:1      | MalarOregon the Ghoul Gladiator began the quest for the
                  | Orb.
     0 | D:1      | Reached XP level 1. HP: 17/17 MP: 0/0
   276 | D:1      | Reached XP level 2. HP: 25/25 MP: 1/1
   890 | D:2      | Found a shattered altar of Ashenzari.
   922 | D:2      | Reached XP level 3. HP: 25/31 MP: 2/2
   939 | D:2      | Reached skill level 4 in Unarmed Combat
  1308 | D:2      | Found a glowing golden altar of the Shining One.
  1312 | D:2      | Found a snail-covered altar of Cheibriados.
  1313 | D:2      | Found a hazy altar of Hepliaklqana.
  1313 | D:2      | Found a hide-covered altar of Uskayaw.
  1316 | D:2      | Found a glowing silver altar of Zin.
  1317 | D:2      | Found a sparkling altar of Nemelex Xobeh.
  1318 | D:2      | Found a shimmering altar of Xom.
  1321 | D:2      | Became a worshipper of Nemelex Xobeh the Trickster
  1402 | D:3      | Reached XP level 4. HP: 23/39 MP: 1/3
  1561 | D:3      | Reached XP level 5. HP: 22/46 MP: 2/4
  1577 | D:3      | Reached skill level 5 in Unarmed Combat
  1614 | D:3      | Found a runed translucent door.
  1617 | D:3      | Noticed Exporg's ghost (amateur GrFi)
  1661 | D:3      | Received a gift from Nemelex Xobeh
  2063 | D:3      | Noticed an insubstantial wisp
  2080 | D:3      | Killed Exporg's ghost
  2080 | D:3      | Reached skill level 1 in Invocations
  2080 | D:3      | Reached XP level 6. HP: 15/53 MP: 2/6
  2298 | D:4      | Reached * piety under Nemelex Xobeh
  2360 | D:4      | Reached skill level 6 in Unarmed Combat
  2495 | D:4      | Reached XP level 7. HP: 49/60 MP: 8/8
  2843 | D:5      | Entered Level 5 of the Dungeon
  2903 | D:5      | Reached skill level 7 in Unarmed Combat
  2947 | D:5      | Reached skill level 5 in Invocations
  2947 | D:5      | Reached XP level 8. HP: 43/67 MP: 3/10
  3052 | D:5      | Received a gift from Nemelex Xobeh
  3184 | D:5      | Reached skill level 8 in Unarmed Combat
  3312 | D:5      | Found a shadowy altar of Dithmenos.
  3861 | D:6      | Reached skill level 5 in Fighting
  3887 | D:6      | HP: 1/68 [crimson imp/+0 short sword (3)]
  4159 | D:5      | Reached skill level 9 in Unarmed Combat
  4311 | D:6      | Found an opulent altar of Gozag.
  4373 | D:6      | Reached ** piety under Nemelex Xobeh
  4542 | D:6      | Reached XP level 9. HP: 74/75 MP: 12/12
  4842 | D:6      | Found a staircase to the Ecumenical Temple.
  5156 | Temple   | Entered the Ecumenical Temple
  5292 | D:7      | Noticed Menkaure
  5299 | D:7      | Killed Menkaure
  5299 | D:7      | Reached skill level 1 in Armour
  5338 | D:7      | Found a glowing golden altar of the Shining One.
  5365 | D:7      | Received a gift from Nemelex Xobeh
  5423 | D:7      | Identified the -1 hand axe of the Vase {holy, Dex+3}
  5429 | D:7      | Reached skill level 10 in Unarmed Combat
  5912 | D:7      | Noticed Joseph
  6028 | D:7      | Killed Joseph
  6251 | D:7      | Reached skill level 11 in Unarmed Combat
  6274 | D:7      | Noticed Duvessa
  6274 | D:7      | Noticed Dowan
  6278 | D:7      | Killed Dowan
  6278 | D:7      | Reached XP level 10. HP: 84/84 MP: 13/13
  6281 | D:7      | Killed Duvessa
  6304 | D:7      | Reached skill level 5 in Armour
  6527 | D:8      | Reached *** piety under Nemelex Xobeh
  6749 | D:8      | Found a radiant altar of Vehumet.
  6749 | D:8      | Found a deep blue altar of Sif Muna.
  6842 | D:8      | Received a gift from Nemelex Xobeh
  6853 | D:8      | Found a sand-covered staircase.
  6861 | Ossuary  | Entered an ossuary
  7326 | D:8      | Received a gift from Nemelex Xobeh
  7761 | D:9      | Reached skill level 12 in Unarmed Combat
  7972 | D:9      | Reached **** piety under Nemelex Xobeh
  8451 | D:9      | Found a staircase to the Orcish Mines.
  8509 | D:9      | Found Pooke's Magic Scroll Shop.
  8516 | D:9      | Bought a scroll of fear for 42 gold pieces
  8516 | D:9      | Bought a scroll of torment for 90 gold pieces
  8803 | D:9      | Found a stormy altar of Qazlal.
  8893 | D:10     | Entered Level 10 of the Dungeon
  8934 | D:10     | Received a gift from Nemelex Xobeh
  8974 | D:10     | Reached XP level 11. HP: 26/91 MP: 10/14
  9322 | D:10     | Reached skill level 13 in Unarmed Combat
  9353 | D:10     | Noticed a centaur warrior
  9367 | D:10     | Killed a centaur warrior
  9684 | D:10     | Noticed a deep elf mage
  9686 | D:10     | Noticed an orc sorcerer
  9697 | D:10     | Killed an orc sorcerer
  9699 | D:10     | Noticed an orc sorcerer
  9702 | D:10     | Killed a deep elf mage
  9705 | D:10     | Paralysed by an orc sorcerer for 5 turns
  9715 | D:10     | Noticed a soul eater
  9722 | D:10     | Killed an orc sorcerer
  9756 | D:10     | Noticed Nergalle
  9761 | D:10     | Killed Nergalle
  9855 | D:10     | Found a staircase to the Lair.
 10273 | D:10     | Received a gift from Nemelex Xobeh
 10532 | Lair:1   | Entered Level 1 of the Lair of Beasts
 10593 | Lair:1   | Reached skill level 14 in Unarmed Combat
 10730 | Lair:1   | Reached skill level 10 in Fighting
 10730 | Lair:1   | Reached XP level 12. HP: 56/106 MP: 5/15
 11047 | Lair:1   | Noticed a five-headed hydra
 11053 | Lair:1   | Killed a five-headed hydra
 11057 | Lair:1   | Noticed a seven-headed hydra
 11066 | Lair:1   | Killed a seven-headed hydra
 11749 | Lair:2   | Got a brightly glowing spear
 11754 | Lair:2   | Received a gift from Nemelex Xobeh
 11759 | Lair:2   | Noticed Erica
 11882 | Lair:2   | Killed Erica
 11882 | Lair:2   | Reached skill level 15 in Unarmed Combat
 12096 | Lair:2   | Noticed a seven-headed hydra
 12113 | Lair:2   | Killed a seven-headed hydra
 12344 | Lair:2   | Noticed Sonja
 12393 | Lair:2   | Killed Sonja
 12972 | Lair:3   | Noticed Gastronok
 12994 | Lair:3   | Killed Gastronok
 13364 | Lair:3   | Reached XP level 13. HP: 38/119 MP: 6/16
 13411 | Lair:3   | Received a gift from Nemelex Xobeh
 13432 | Lair:3   | Reached skill level 16 in Unarmed Combat
 14098 | Lair:3   | Found a hole to the Spider Nest.
 14370 | Lair:4   | Received a gift from Nemelex Xobeh
 14384 | Lair:4   | Reached ***** piety under Nemelex Xobeh
 14767 | Lair:4   | Received a gift from Nemelex Xobeh
 14898 | Lair:4   | Found a staircase to the Swamp.
 15355 | Lair:5   | Reached skill level 17 in Unarmed Combat
 15637 | Lair:5   | Received a gift from Nemelex Xobeh
 15977 | Lair:6   | Entered Level 6 of the Lair of Beasts
 15977 | Lair:6   | Found a staircase to the Slime Pits.
 15977 | Lair:6   | Found a viscous altar of Jiyva.
 16236 | Lair:6   | Received a gift from Nemelex Xobeh
 16255 | Lair:6   | Reached XP level 14. HP: 131/133 MP: 17/17
 16373 | Lair:6   | Identified a scroll of acquirement
 17278 | Lair:6   | Reached skill level 15 in Fighting
 17386 | Lair:6   | Found a large runed translucent door.
 17387 | Lair:6   | Found a large runed translucent door.
 17694 | Lair:6   | Reached skill level 18 in Unarmed Combat
 18139 | Lair:6   | Identified the Volume of Bewitching Enhancements
 18483 | D:2      | Found an iron altar of Okawaru.
 18687 | Orc:1    | Entered Level 1 of the Orcish Mines
 18752 | Orc:1    | Found a bloodstained altar of Trog.
 18834 | Orc:1    | Received a gift from Nemelex Xobeh
 18944 | Orc:2    | Entered Level 2 of the Orcish Mines
 18944 | Orc:2    | Noticed Josephine
 18956 | Orc:1    | Killed Josephine
 19258 | Orc:2    | Found a staircase to the Elven Halls.
 19370 | Orc:2    | Noticed Urug
 19789 | Orc:2    | Killed Urug
 20439 | Orc:2    | Shot with a bolt by an orc knight

Skill      XL: |  1  2  3  4  5  6  7  8  9 10 11 12 13 14 |
---------------+-------------------------------------------+-----
Fighting       | 3 4 6 10 12 14 15 | 15.7
Unarmed Combat | 4 5 6 7 9 11 12 14 15 17 18 | 18.5
Invocations    | 1 3 5 6 |  6.5
Armour         | 4 7 |  7.4
Throwing       | |  1.7
Dodging        | |  2.6

Action                   |  1- 3 |  4- 6 |  7- 9 | 10-12 | 13-15 || total
-------------------------+-------+-------+-------+-------+-------++-------
Melee: Unarmed           |    92 |   152 |   387 |   693 |   663 ||  1987
       Punch             |     1 |     3 |    17 |    36 |    47 ||   104
Throw: Tomahawk          |       |       |       |       |     2 ||     2
 Abil: Draw Summoning    |       |     2 |     2 |     1 |     5 ||    10
       Draw Destruction  |       |     1 |     4 |     4 |    10 ||    19
       Draw Escape       |       |       |       |       |     2 ||     2
Evoke: Wand              |       |       |       |     9 |     1 ||    10
       Sack of spiders   |       |       |       |     9 |     4 ||    13
  Use: Scroll            |       |       |    18 |    16 |     3 ||    37
       Potion            |       |       |     2 |     3 |     1 ||     6
 Stab: Paralysed         |       |     1 |       |       |       ||     1
       Confused          |       |       |       |       |     1 ||     1
  Eat: Chunk             |     3 |    10 |    33 |    31 |    60 ||   137
       Ration            |       |     1 |       |     1 |       ||     2
Armor: Leather armour    |    20 |    48 |    89 |       |       ||   157
       Plate armour      |       |       |    55 |   359 |   287 ||   701
       Skin              |       |       |       |     6 |    22 ||    28
Dodge: Dodged            |    49 |    87 |   202 |   211 |   224 ||   773
